 Dungeon Crawl Stone Soup version 0.26-b1-32-g5d43845318 (webtiles) character file.

Game seed: 4957488999385201691

135 Borgoz the Skirmisher (level 5, -7/33 HPs)
             Began as a Gargoyle Fighter on Jan 11, 2021.
             Shot with an arrow by a centaur (8 damage)
             ... on level 5 of the Dungeon.
             The game lasted 00:02:56 (2542 turns).

Borgoz the Skirmisher (Gargoyle Fighter)            Turns: 2542, Time: 00:02:56

Health: -7/33      AC: 11    Str: 20      XL:     5   Next: 18%
Magic:  5/5        EV:  7    Int:  8      God:
Gold:   134        SH:  9    Dex:  8 (10) Spells: 4/4 levels left

rFire    . . .     SeeInvis .   a - +0 flail
rCold    . . .     Faith    .   c - +0 kite shield
rNeg     + . .     Spirit   .   b - +0 scale mail
rPois    ∞         Reflect  .   (no helmet)
rElec    +         Harm     .   (no cloak)
rCorr    .         Rampage  .   (no gloves)
Will     .....                  (no boots)
Stlth    ..........             (no amulet)
HPRegen  0.11/turn              (no ring)
MPRegen  0.09/turn              (no ring)

@: mighty
A: negative energy resistance 1, electricity resistance, unbreathing,
petrification resistance, miasma immunity, AC +4
a: no special abilities


You were on level 5 of the Dungeon.
You visited 1 branch of the dungeon, and saw 5 of its levels.

You collected 134 gold pieces.

Inventory:

Hand Weapons
 a - a +0 flail (weapon)
Armour
 b - a +0 scale mail (worn)
 c - a +0 kite shield (worn)
Scrolls
 f - 2 scrolls of remove curse {unknown}
 k - 2 scrolls of teleportation {unknown}
 l - 2 scrolls of noise {unknown}
 n - 2 scrolls of enchant armour {unknown}
 o - a scroll of blinking {unknown}
 q - 2 scrolls of fear {unknown}
Potions
 e - a potion of resistance
 g - 3 potions of mutation
 i - 4 potions of curing
 j - 2 potions of lignification {unknown}
 m - 2 potions of flight
 p - a potion of brilliance {unknown}


   Skills:
 + Level 4.1 Fighting
 * Level 3.7 Maces & Flails
 + Level 4.1 Armour
 + Level 0.9 Dodging
 - Level 3.3 Shields


You had 4 spell levels left.
You didn't know any spells.
Your spell library was empty.

Dungeon Overview and Level Annotations

Branches:
Dungeon (5/15)
 Temple: D:4-7

Altars:
Gozag
Okawaru
The Shining One

Annotations:
D:4 Eustachio


Innate Abilities, Weirdness & Mutations

You are resistant to torment.
Your stone body is resilient. (AC +4)
You are immune to poison.
You resist negative energy. (rN+)
You are resistant to electric shocks. (rElec)
You can survive without breathing.
You are immune to petrification.
You are immune to miasma.


Message History

* * * LOW HITPOINT WARNING * * *
The bat hits you but does no damage. You block the quokka's attack.
The bat barely misses you. The bat hits you but does no damage.
The quokka bites you.
* * * LOW HITPOINT WARNING * * *
The quokka completely misses you.
There is a stone staircase leading down here.
The bat hits you but does no damage.
Eustachio mumbles some strange words.
Eustachio blinks!
You block the quokka's attack. You block the bat's attack.
You climb downwards.
A centaur comes into view.
The centaur shouts!
There is a stone staircase leading up here.
The centaur wields a +2 shortbow of flaming.
It bursts into flame!
The centaur shoots an arrow.
The arrow hits you but does no damage.
You see here an arrow.
The centaur shoots an arrow.
The arrow hits you!
You die...

#.. # #.# #.
#.# ####.##.#
......#.#####..
#...........
#<# #(# #@# #.#
#.# #c# #.. ###


You could see a centaur.

Vanquished Creatures
  4 adders
  An ooze (D:1)
  An adder skeleton (D:3)
  3 worms (D:2)
  2 dart slugs
  2 leopard geckos (D:1)
  5 orcs (D:3)
  3 giant cockroaches
  9 goblins
  4 hobgoblins
  8 jackals
  6 kobolds
  2 quokkas
  9 bats
  4 frilled lizards
  9 rats
72 creatures vanquished.

Vanquished Creatures (others)
  A plant (D:2)
1 creature vanquished.

Grand Total: 73 creatures vanquished

Notes
Turn   | Place    | Note
-------+----------+-------------------------------------------
     0 | D:1      | Borgoz the Gargoyle Fighter began the quest for the Orb.
     0 | D:1      | Reached XP level 1. HP: 14/14 MP: 1/1
   132 | D:1      | Reached XP level 2. HP: 15/19 MP: 2/2
   429 | D:1      | Reached XP level 3. HP: 23/23 MP: 3/3
  1072 | D:2      | Reached XP level 4. HP: 13/29 MP: 4/4
  1870 | D:3      | Found a glowing golden altar of the Shining One.
  1988 | D:3      | Reached XP level 5. HP: 33/33 MP: 5/5
  2144 | D:3      | Found an iron altar of Okawaru.
  2146 | D:3      | Found an opulent altar of Gozag.
  2498 | D:4      | Noticed Eustachio
  2538 | D:4      | HP: 1/33 [quokka[Eustachio] (3)]
  2540 | D:5      | Entered Level 5 of the Dungeon
  2540 | D:5      | Noticed a centaur
  2542 | D:5      | Shot with an arrow by a centaur

Illustrated notes

Levels and vault maps discovered:
D:1:      dpeg_arrival_rooms_c, layout_basic
D:2:      layout_rooms, serial_forest, infiniplex_forest_straight_5,
          infiniplex_forest_lined_3, infiniplex_forest_zigzag_1,
          infiniplex_forest_end_1, infiniplex_forest_straight_2,
          infiniplex_forest_clump_double, infiniplex_forest_clump_C,
          infiniplex_forest_clump_cross, infiniplex_forest_zigzag_2
D:3:      layout_loops_cross, lemuel_crystal_altar,
          chequers_temple_overflow_statue_of_worship, minmay_strange_pillars
D:4:      layout_loops_cross, enter_ossuary_2, lemuel_altar_in_water2,
          uniq_eustachio, uniq_blork_the_orc
D:5:      layout_loops_ring, uniq_pikel

Skill      XL: |  1  2  3  4 |
---------------+-------------+-----
Maces & Flails | 3 |  3.7
Fighting       | 4 |  4.1
Armour         | 4 |  4.1
Dodging        | |  0.9
Shields        | |  3.3

Action                   |  1- 3 |  4- 6 || total
-------------------------+-------+-------++-------
Melee: Flail             |   104 |   175 ||   279
  Use: Scroll            |       |     5 ||     5
       Potion            |       |     3 ||     3
Armor: Scale mail        |    82 |   142 ||   224
Dodge: Dodged            |    36 |    75 ||   111
Block: Kite shield       |    75 |   134 ||   209
